 Dungeon Crawl Stone Soup version 0.30-b1-2-g02819fbbbe (webtiles) character file.

Game seed: 5463491550008065414

349 suse60 the Shield-Bearer (level 6, -2/61 HPs)
             Began as a Troll Fighter on Nov 20, 2023.
             Was an Initiate of Qazlal.
             Killed by divine providence
             ... invoked by an orc priest
              (8 damage)
             ... on level 5 of the Dungeon.
             The game lasted 00:15:52 (2970 turns).

suse60 the Shield-Bearer (Troll Fighter)            Turns: 2970, Time: 00:15:52

Health: -2/61      AC:  4    Str: 27    XL:     6   Next: 33%
Magic:  5/5        EV: 10    Int:  4    God:    Qazlal [......]
Gold:   1074       SH:  9    Dex: 15    Spells: 5/5 levels left

rFire   . . .        e - +1 morningstar (holy)
rCold   . . .        c - +0 kite shield
rNeg    . . .        b - +0 robe
rPois   .            (helmet restricted)
rElec   .            (no cloak)
rCorr   .            (gloves unavailable)
SInv    .            (boots unavailable)
Will    .....        (no amulet)
Stlth   +            g - +6 ring of dexterity
HPRegen 1.10/turn    (no ring)
MPRegen 0.09/turn

%: no passive effects
@: mighty
A: large, unfitting armour, claws 3, regeneration 1, shaggy fur 1, tough skin 1
a: Renounce Religion


You were on level 5 of the Dungeon.
You worshipped Qazlal.
Qazlal was noncommittal.
You visited 2 branches of the dungeon, and saw 6 of its levels.

You collected 1272 gold pieces.
You spent 198 gold pieces at shops.

Inventory:

Hand Weapons
 e - a +1 morningstar of holy wrath (weapon)
Missiles
 k - 6 boomerangs (quivered)
Armour
 b - a +0 robe (worn)
 c - a +0 kite shield (worn)
Jewellery
 g - a +6 ring of dexterity (left claw)
 r - a ring of fire
Scrolls
 f - 3 scrolls of teleportation
Potions
 a - a potion of cancellation {unknown}
 d - 2 potions of might
 h - a potion of curing
 i - a potion of invisibility {unknown}
 l - a potion of magic {unknown}
 m - a potion of mutation {unknown}
 p - a potion of lignification {unknown}
 q - a potion of degeneration {unknown}
 s - a potion of heal wounds {unknown}


   Skills:
 + Level 3.6 Fighting
 + Level 3.3 Maces & Flails
 + Level 3.5 Dodging
 + Level 4.0 Shields
 + Level 0.0 Invocations


You had 5 spell levels left.
You didn't know any spells.
Your spell library contained the following spells:

 Spells                   Type           Power      Damage    Failure   Level
 Inner Flame              Hex/Fire       0%         N/A       98%         3
 Flame Wave               Conj/Fire      0%         2d4       100%        4
 Sticky Flame             Conj/Fire      0%         2d3       100%        4


Dungeon Overview and Level Annotations

Branches:
Dungeon (5/15)             Temple (1/1) D:4

Altars:
Ashenzari
Dithmenos
Elyvilon
Fedhas
Gozag
Hepliaklqana
Kikubaaqudgha
Makhleb
Okawaru
Qazlal
Ru
Sif Muna
Trog
Uskayaw
Wu Jian
Xom
Yredelemnul
The Shining One

Shops:
D:4 =(!

Annotations:
D:4 3 runed translucent doors, yogakurto's ghost, novice OgCK


Innate Abilities, Weirdness & Mutations

You are too large for most types of armour.
You have claws for hands.
Your natural rate of healing is unusually fast.
You are covered in fur. (AC +1)
You have tough skin. (AC +1)


Message History

Something hits you but does no damage.
You miss something. Something hits you.
* * * LOW HITPOINT WARNING * * *
You closely miss something. Something hits you but does no damage.
You hear some strange, mumbled words.
A magic dart appears from out of thin air!
The magic dart hits you.
* * * LOW HITPOINT WARNING * * *
You miss something. Something hits you.
* * * LOW HITPOINT WARNING * * *
You barely miss something. Something hits you.
* * * LOW HITPOINT WARNING * * *
You miss something.
The orc priest mumbles some strange prayers to Beogh against you.
Beogh smites you!
* * * LOW HITPOINT WARNING * * *
Something hits you.
* * * LOW HITPOINT WARNING * * *
Something hits you but does no damage.
The orc priest casts a cantrip, but nothing happens.
You miss something. Something hits you.
* * * LOW HITPOINT WARNING * * *
You closely miss something.
An orc wizard appears from thin air!
Reactivating autopickup.
The orc wizard hits you with a +0 dagger.
* * * LOW HITPOINT WARNING * * *
The orc wizard hits you but does no damage.
You closely miss the orc wizard.
The orc wizard is heavily wounded.
The orc wizard hits you with a +0 dagger.
* * * LOW HITPOINT WARNING * * *
You barely miss the orc wizard.
The orc wizard is heavily wounded.
You block the orc wizard's attack.
The orc wizard casts a spell.
The orc wizard flickers and vanishes!
Deactivating autopickup; reactivate with Ctrl-A.
The orc priest calls down the wrath of Beogh upon you.
Beogh smites you!
You die...

##############
......ooo{@..# #
.###########.###....
####...........
#....#####..###
###[##.# .# #......#
# #.#.##.# #†#.##.#
#.#.##..


You could see an orc priest and 2 orcs.

Vanquished Creatures
  An ice beast (D:5)
  A scorpion (D:3)
  A hound (D:4)
  A sleepcap (D:4)
  An iguana (D:5)
  4 adders
  An ufetubus (D:4)
  A worm (D:2)
  A dart slug (D:4)
  2 orcs
  10 bats
  3 endoplasms
  3 giant cockroaches
  3 hobgoblins
  11 kobolds
  4 quokkas
  4 ball pythons
  A frilled lizard (D:1)
  10 goblins
  2 rats
65 creatures vanquished.

Notes
Turn   | Place    | Note
-------+----------+-------------------------------------------
     0 | D:1      | suse60 the Troll Fighter began the quest for the Orb.
     0 | D:1      | Reached XP level 1. HP: 22/22 MP: 0/0
     2 | D:1      | Noticed a naga
     2 | D:1      | Noticed a minotaur
     4 | D:1      | Noticed a spriggan
     6 | D:1      | Noticed an octopode
     6 | D:1      | Noticed a formicid
     8 | D:1      | Noticed a draconian
     8 | D:1      | Noticed an elf
    10 | D:1      | Noticed an ogre
    10 | D:1      | Noticed a troll
    12 | D:1      | Noticed a tengu
    12 | D:1      | Noticed a vampire
    14 | D:1      | Noticed a human
    14 | D:1      | Noticed a ghoul
    16 | D:1      | Noticed a gargoyle
    18 | D:1      | Noticed an armataur
    18 | D:1      | Noticed a demonspawn
    20 | D:1      | Noticed a demigod
    20 | D:1      | Noticed a merfolk
    22 | D:1      | Noticed a vine stalker
    22 | D:1      | Noticed a meteoran
    24 | D:1      | Noticed a spriggan
    24 | D:1      | Noticed a felid
    27 | D:1      | Noticed a formicid
    27 | D:1      | Noticed a minotaur
   318 | D:1      | Reached XP level 2. HP: 29/29 MP: 1/1
   976 | D:2      | Reached skill level 3 in Shields
   982 | D:2      | Reached XP level 3. HP: 34/36 MP: 2/2
  1204 | D:2      | Found a faded altar of an unknown god.
  1511 | D:3      | Noticed a scorpion
  1518 | D:3      | Killed a scorpion
  1519 | D:3      | Reached XP level 4. HP: 41/45 MP: 3/3
  1819 | D:3      | Reached XP level 5. HP: 52/53 MP: 4/4
  2025 | D:4      | Found Dywezuv's Jewellery Shop.
  2025 | D:4      | Found Ylamnac's Weapon Shop.
  2025 | D:4      | Found Jurghiczy's Distillery.
  2151 | D:4      | Found a runed translucent gate.
  2151 | D:4      | Found a runed translucent gate.
  2151 | D:4      | Found a runed translucent gate.
  2162 | D:4      | Noticed yogakurto's ghost (novice OgCK)
  2274 | D:4      | Identified a scroll of acquirement
  2274 | D:4      | Acquired 1062 gold pieces
  2276 | D:4      | Bought a +1 morningstar of holy wrath for 198 gold pieces
  2508 | D:4      | Found a staircase to the Ecumenical Temple.
  2514 | Temple   | Entered the Ecumenical Temple
  2522 | Temple   | Became a worshipper of Qazlal Stormbringer
  2697 | D:4      | Found a burning altar of Makhleb.
  2905 | D:5      | Entered Level 5 of the Dungeon
  2923 | D:5      | Noticed an ice beast
  2928 | D:5      | Killed an ice beast
  2929 | D:5      | Reached skill level 4 in Shields
  2929 | D:5      | Reached XP level 6. HP: 61/61 MP: 5/5
  2968 | D:5      | HP: 3/61 [orc wizard/+0 dagger (3)]
  2970 | D:5      | Killed from afar by an orc priest

Illustrated notes

Levels and vault maps discovered:
D:1:      kb_arrival_jail, layout_basic, serial_bayou_ford_a
D:2:      layout_rooms, ebering_ecumenical_altar_mist, nicolae_eternal_life,
          minmay_misc_feat_tiny, minivault_14, corexii_item_surrounded_by_moat
D:3:      layout_basic
D:4:      layout_loops_ring, bloody_makhleb, minmay_temple_entry_nine_rooms,
          biasface_ghost_orc_armoury, nicolae_shop_distant_corner_stores
D:5:      layout_loops_ring
Temple:   sentei_temple_godly_chess

Skill      XL: |  1  2  3  4  5 |
---------------+----------------+-----
Maces & Flails | 2 3 |  3.3
Shields        | 3 4 |  4.0
Fighting       | 3 |  3.6
Dodging        | 3 |  3.5

Action                     |  1- 3 |  4- 6 || total
---------------------------+-------+-------++-------
  Melee: Flail             |   129 |    32 ||   161
         Morningstar       |       |    57 ||    57
  Throw: Stone             |     4 |       ||     4
    Use: Scroll            |     1 |     5 ||     6
         Potion            |       |     2 ||     2
   Stab: Sleeping          |     1 |     5 ||     6
 Armour: Robe              |    67 |    23 ||    90
  Dodge: Dodged            |    46 |    17 ||    63
  Block: Kite shield       |    58 |    31 ||    89
